 Dungeon Crawl Stone Soup version bcrawl-1.36.4 (webtiles) character file.

Game seed: 5137289374953812109

238492 BreqofToren the Cudgeler (level 8, -1/70 HPs)
             Began as a Minotaur Fighter on July 13, 2022.
             Was an Initiate of Elyvilon.
             Slain by Grinder (5 damage)
             ... on level 6 of the Dungeon.
             The game lasted 00:12:14 (4350 turns).

BreqofToren the Cudgeler (Minotaur Fighter)         Turns: 4350, Time: 00:12:15

Health: -1/70      AC: 15    Str: 21    XL:     8   Next: 1%
Magic:  7/7        EV:  6    Int:  5    God:    Elyvilon [......]
Gold:   321        SH: 11    Dex: 12    Spells: 7/7 levels left

rFire    . . .     SeeInvis .   a - +0 flail (protect)
rCold    x . .     Gourm    .   c - +1 medium shield
rNeg     . . .     Faith    .   s - +5 chain mail "Xeum" {rPois rC- rCorr}
rPois    +         Spirit   .   (helmet restricted)
rElec    .         Reflect  .   j - scarf {clouds}
rCorr    +                      (no gloves)
MR       .....                  (no boots)
Stlth    ..........             g - amulet of rage
HPRegen  0.21/turn              (no ring)
MPRegen  0.10/turn              (no ring)

@: no status effects
A: retaliatory headbutt, horns 2
a: Renounce Religion, Evoke Fog, Evoke Berserk Rage


You were on level 6 of the Dungeon.
You worshipped Elyvilon.
Elyvilon was noncommittal.
You were not hungry.

You visited 2 branches of the dungeon, and saw 7 of its levels.

You collected 405 gold pieces.
You spent 84 gold pieces at shops.

Inventory:

Hand Weapons
 a - a +0 flail of protection (weapon)
Armour
 b - a +0 scale mail
 c - a +1 medium shield (worn)
 j - a scarf of clouds (worn)
 l - a +0 plate armour
 s - the +5 chain mail "Xeum" (worn) {rPois rC- rCorr}
   (You found it on level 4 of the Dungeon)

   It makes you vulnerable to cold.
   It protects you from poison.
   It provides partial protection from all sources of acid and corrosion.
Jewellery
 g - an amulet of rage (around neck)
Wands
 q - a wand of iceblast (11)
 r - a wand of flame (22)
Scrolls
 d - a scroll of immolation
 f - 2 scrolls of teleportation
 i - a scroll of identify
 n - 2 scrolls of magic mapping
 o - a scroll of enchant armour
 p - a scroll of blinking
Potions
 h - a potion of curing
 k - a potion of brilliance
 m - a potion of lignification
Comestibles
 e - 6 rations {!d}


   Skills:
 + Level 5.7 Fighting
 * Level 6.9 Maces & Flails
 + Level 5.7 Armour
 + Level 3.7 Dodging
 + Level 5.7 Shields


You had 7 spell levels left.
You didn't know any spells.
Your spell library contained the following spells:

 Spells                   Type           Power        Failure   Level  Hunger
 Magic Dart               Conj           #...         100%        1    None
 Searing Ray              Conj           #.......     100%        2    ####...
 Iskenderun's Mystic Bla  Conj           #.......     100%        3    #####..
 Fulminant Prism          Conj/Hex       #.........   100%        4    ######.
 Irradiate                Conj/Tmut      #.........   100%        5    #######


Dungeon Overview and Level Annotations

Branches:
Dungeon (6/12)             Temple (1/1) D:5

Altars:
Cheibriados
Dithmenos
Elyvilon
Fedhas
Gozag
Kikubaaqudgha
Lugonu
Makhleb
Nemelex Xobeh
Okawaru
Ru
Sif Muna
Trog
Uskayaw
Vehumet
Wu Jian
Xom
Yredelemnul
Zin

Shops:
D:4 [   D:5 ?

Annotations:
D:4 3 runed translucent doors, yrara's ghost, amateur DsFi; yrara's ghost, novice DsFi
D:6 Grinder


Innate Abilities, Weirdness & Mutations

You reflexively headbutt those who attack you in melee.
You have a pair of horns on your head.


Message History

Grinder blinks!
Things that are here:
a +0 shortbow; 137 arrows; a centaur corpse You hit Grinder.
Your weapon exudes an aura of protection.
Grinder is severely wounded.
You block Grinder's attack.
You hit Grinder but do no damage. Your headbutt misses Grinder.
Grinder is severely wounded.
Grinder hits you.
* * * LOW HITPOINT WARNING * * *
You hit Grinder but do no damage.
Grinder is severely wounded.
Grinder blinks!
You are too injured to fight recklessly!
Grinder gestures at you. Pain shoots through your body!
* * * LOW HITPOINT WARNING * * *
Grinder hits you.
You die...

.....! ...... ....#
....# ##....# #.....#.#
##5......+ ##.@#
##############..##.##
............).......#
#############.####.....
#.# ###. ..# ..## ..#
###


You could see Grinder.

Vanquished Creatures
  Sigmund (D:5)
  A sky beast (D:4)
  A necrophage (D:4)
  An ogre (D:5)
  2 centaurs
  2 scorpions
  2 howler monkeys
  A crimson imp (D:4)
  3 hounds
  An orc wizard (D:3)
  2 worker ants (D:4)
  A worker ant zombie (D:5)
  3 adders
  A worm (D:4)
  3 dart slugs
  A leopard gecko (D:1)
  3 orcs (D:3)
  3 giant cockroaches
  6 goblins
  6 hobgoblins
  6 jackals
  4 quokkas
  2 ball pythons
  3 bats (D:1)
  2 frilled lizards
  A jackal skeleton (D:5)
  10 kobolds
  A quokka skeleton (D:5)
  5 rats
78 creatures vanquished.

Notes
Turn   | Place    | Note
-------+----------+-------------------------------------------
     0 | D:1      | BreqofToren the Minotaur Fighter began the quest for the
                  | Orb.
     0 | D:1      | Reached XP level 1. HP: 19/19 MP: 0/0
   181 | D:1      | Reached XP level 2. HP: 27/27 MP: 1/1
   236 | D:1      | Reached skill level 3 in Maces & Flails
   310 | D:1      | Reached skill level 1 in Dodging
   599 | D:2      | Reached XP level 3. HP: 29/33 MP: 2/2
   770 | D:2      | Reached XP level 4. HP: 40/40 MP: 3/3
  1136 | D:2      | Found a bloodstained altar of Trog.
  1157 | D:2      | Found a radiant altar of Vehumet.
  1157 | D:2      | Found an ancient bone altar of Kikubaaqudgha.
  1163 | D:2      | Found a blossoming altar of Fedhas.
  1307 | D:2      | Found a sacrificial altar of Ru.
  1379 | D:3      | Found a snail-covered altar of Cheibriados.
  1414 | D:3      | Reached skill level 4 in Maces & Flails
  1713 | D:3      | Found an iron altar of Okawaru.
  1816 | D:3      | Found a shadowy altar of Dithmenos.
  1816 | D:3      | Found a sparkling altar of Nemelex Xobeh.
  2082 | D:4      | Found Lanob's Antique Armour Shoppe.
  2106 | D:4      | Reached XP level 5. HP: 42/47 MP: 4/4
  2214 | D:4      | Noticed a sky beast
  2234 | D:4      | HP: 2/47 [something (5)]
  2240 | D:4      | Killed a sky beast
  2241 | D:4      | Reached XP level 6. HP: 3/53 MP: 5/5
  2481 | D:4      | Got a buzzing chain mail
  2522 | D:4      | Reached skill level 5 in Maces & Flails
  2684 | D:4      | Reached skill level 5 in Fighting
  2684 | D:4      | Reached skill level 5 in Shields
  2872 | D:4      | Reached skill level 5 in Armour
  2872 | D:4      | Reached XP level 7. HP: 56/61 MP: 6/6
  2950 | D:4      | Found a runed translucent gate.
  2951 | D:4      | Found a runed translucent gate.
  2951 | D:4      | Found a runed translucent gate.
  2951 | D:4      | Noticed yrara's ghost (novice DsFi)
  2951 | D:4      | Noticed yrara's ghost (amateur DsFi)
  3261 | D:5      | Entered Level 5 of the Dungeon
  3265 | D:5      | Reached skill level 6 in Maces & Flails
  3287 | D:5      | Found a radiant altar of Vehumet.
  3300 | D:5      | Noticed Sigmund
  3321 | D:5      | Killed Sigmund
  3495 | D:5      | Found a staircase to the Ecumenical Temple.
  3504 | Temple   | Entered the Ecumenical Temple
  3748 | Temple   | Became a worshipper of Elyvilon the Healer
  3915 | D:5      | Found Nyneir's Magic Scroll Emporium.
  3923 | D:5      | Bought a scroll of identify for 28 gold pieces
  3923 | D:5      | Bought a scroll of identify for 28 gold pieces
  3923 | D:5      | Bought a scroll of identify for 28 gold pieces
  3934 | D:5      | Identified the +5 chain mail "Xeum" {rPois rC- rCorr} (You
                  | found it on level 4 of the Dungeon)
  4324 | D:6      | Noticed Grinder
  4333 | D:6      | Reached XP level 8. HP: 43/70 MP: 7/7
  4350 | D:6      | Slain by Grinder

Skill      XL: |  1  2  3  4  5  6  7 |
---------------+----------------------+-----
Maces & Flails | 3 4 5 6 |  6.9
Dodging        | 1 2 3 |  3.7
Fighting       | 4 5 |  5.7
Armour         | 4 5 |  5.7
Shields        | 4 5 |  5.7

Action                   |  1- 3 |  4- 6 |  7- 9 || total
-------------------------+-------+-------+-------++-------
Melee: Flail             |   104 |   140 |    74 ||   318
       Headbutt          |    11 |    29 |     7 ||    47
  Use: Scroll            |     2 |     4 |     7 ||    13
       Potion            |       |       |     1 ||     1
  Eat: Chunk             |     3 |    10 |     5 ||    18
       Ration            |       |       |     1 ||     1
Armor: Scale mail        |    61 |    50 |    17 ||   128
       Chain mail        |       |       |     5 ||     5
Dodge: Dodged            |    21 |    35 |    10 ||    66
Block: Medium shield     |    64 |    81 |    41 ||   186
